 Dungeon Sprint DCSS version 0.30.1-9-gdf580d7c3d (webtiles) character file.

Game seed: 16793496559378036881

1538 Heoruswealwe the Fighter (level 8, -2/82 HPs)
             Began as a Minotaur Fighter on Sept 27, 2023.
             Was an Initiate of Gozag.
             Slain by a catoblepas (6 damage)
             ... while petrified by a catoblepas
             ... in the Dungeon (Sprint IX: "|||||||||||||||||||||||||||||").
             The game lasted 00:05:45 (415 turns).

Heoruswealwe the Fighter (Minotaur Fighter)          Turns: 415, Time: 00:05:46

Health: -2/82      AC: 15    Str: 30    XL:     8   Next: 56%
Magic:  7/7        EV:  2    Int:  9    God:    Gozag
Gold:   423        SH:  0    Dex: 10    Spells: 7/7 levels left

rFire   . . .        b - +2 halberd of Currency {drain, Str+4 Int+4 SInv}
rCold   . . .        (shield currently unavailable)
rNeg    + + +        c - +0 plate armour
rPois   ∞            (helmet restricted)
rElec   .            (no cloak)
rCorr   .            (no gloves)
SInv    +            (no boots)
Will    .....        (no amulet) Stlth
                     k - +3 ring of strength
HPRegen 0.33/turn    (no ring)
MPRegen 0.10/turn

%: no teleportation
@: petrified
A: horns 2, retaliatory headbutt
a: Renounce Religion, Potion Petition, Call Merchant, Bribe Branch


You were in the Dungeon.
You worshipped Gozag.
Gozag was aware of your devotion.
You visited 1 branch You collected 423 gold pieces.

Inventory:

Hand Weapons
 a - a +0 trident
 b - the +2 halberd of Currency (weapon) {drain, Str+4 Int+4 SInv}
   (You found it in the Dungeon)

   Str:       It affects your strength (+4).
   Int:       It affects your intelligence (+4).
   SInv:      It lets you see invisible.
 l - the +3 war axe "Jodwut" {antimagic, rN+++ Str+6 Stlth-}
   (You found it in the Dungeon)

   Str:       It affects your strength (+6).
   rN:        It renders you almost immune to negative energy.
   Stlth:     It makes you less stealthy.
Armour
 c - a +0 plate armour (worn)
 d - a +0 buckler
Jewellery
 k - a +3 ring of strength (left hand)
Wands
 h - a wand of quicksilver (10)
Scrolls
 j - 2 scrolls of blinking
Potions
 e - 3 potions of curing
 g - a potion of haste
 i - a potion of berserk rage
 m - a potion of might


   Skills:
 * Level 11.0 Fighting
 * Level 10.6 Polearms
 * Level 11.0 Armour
 + Level 6.5 Dodging
 * Level 11.0 Shields
 + Level 5.4 Evocations


You had 7 spell levels left.
You didn't know any spells.
Your spell library was empty.

Dungeon Overview and Level Annotations

Branches:
Dungeon (1/1)

Altars:
Cheibriados
Dithmenos
Elyvilon
Fedhas
Gozag
Hepliaklqana
Kikubaaqudgha
Makhleb
Nemelex Xobeh
Okawaru
Qazlal
Ru
Sif Muna
Trog
Uskayaw
Vehumet
Wu Jian
Xom
Yredelemnul
Zin
The Shining One
Jiyva
Lugonu


Innate Abilities, Weirdness & Mutations

You have a pair of horns on your head.
You reflexively headbutt those who attack you in melee.


Message History

The catoblepas breathes a plume of calcifying dust at you.
The blast of calcifying dust hits you but does no damage.
Unknown command.
The two-headed ogre shouts in stereo!
You hit the catoblepas. You drain the catoblepas.
The catoblepas is moderately wounded.
You are engulfed in calcifying dust.
The two-headed ogre is no longer distracted by gold.
The fire crab is distracted by your dazzling golden aura.
The catoblepas gores you!!
* * * LOW HITPOINT WARNING * * *
Your limbs are stiffening.
You hit the catoblepas but do no damage.
The catoblepas is moderately wounded.
The fire crab is no longer distracted by gold.
The catoblepas gores you.
* * * LOW HITPOINT WARNING * * *
The catoblepas gores you!
* * * LOW HITPOINT WARNING * * *
You have turned to stone.
The catoblepas breathes a plume of calcifying dust at you.
The blast of calcifying dust hits you!
* * * LOW HITPOINT WARNING * * *
You are engulfed in calcifying dust.
The catoblepas breathes a plume of calcifying dust at you.
The blast of calcifying dust hits you but does no damage.
You are engulfed in calcifying dust.
The catoblepas gores you but does no damage.
You are engulfed in calcifying dust.
The catoblepas breathes a plume of calcifying dust at you.
The blast of calcifying dust hits you but does no damage.
The catoblepas gores you.
* * * LOW HITPOINT WARNING * * *
The catoblepas breathes a plume of calcifying dust at you.
The blast of calcifying dust hits you but does no damage.
You are engulfed in calcifying dust.
The catoblepas gores you!
* * * LOW HITPOINT WARNING * * *
You are engulfed in calcifying dust.
The catoblepas gores you!
You die...
Your body crumbles into a pile of gold. ▓▓▓▓▓▓▓▓▓▓▓▓▓▓▓▓▓▓▓▓▓▓▓ +OCutY@'§.§§§))...[[=[? ▓▓▓▓▓▓▓▓▓▓▓▓▓▓▓▓▓▓▓▓▓▓▓ $ $$$$$ $ $ $ $$$

You could see a catoblepas (drained), a brown ugly thing, a two-headed ogre, a fire crab shaped shifter and a cyclops.

Vanquished Creatures
  A gargoyle (D)
  A troll (D)
  A steam dragon (D)
  A vampire mosquito (D)
  An orc warrior (D)
  A kobold brigand (D)
  A hound (D)
  A gnoll bouda (D)
  An orc wizard (D)
  An adder (D)
  A worm (D)
  A dart slug (D)
  An endoplasm (D)
  A goblin (D)
  A kobold (D)
  A rat (D)
16 creatures vanquished.

Vanquished Creatures (others)
  A centaur warrior (D)
1 creature vanquished.

Grand Total: 17 creatures vanquished

Notes
Turn   | Place    | Note
-------+----------+-------------------------------------------
     0 | D        | Heoruswealwe the Minotaur Fighter began the quest for the
                  | Orb.
     0 | D        | Reached XP level 1. HP: 19/19 MP: 0/0
    16 | D        | Reached skill level 1 in Dodging
    37 | D        | Noticed an orc wizard
    37 | D        | Noticed a gnoll bouda
    37 | D        | Noticed a hound
    42 | D        | Reached XP level 2. HP: 18/28 MP: 1/1
    43 | D        | Reached skill level 1 in Evocations
    51 | D        | Reached skill level 5 in Fighting
    51 | D        | Reached skill level 5 in Armour
    51 | D        | Reached skill level 5 in Shields
    51 | D        | Reached XP level 3. HP: 14/36 MP: 2/2
    55 | D        | Reached XP level 4. HP: 18/44 MP: 3/3
    71 | D        | Reached skill level 5 in Polearms
    77 | D        | Found a snail-covered altar of Cheibriados.
    77 | D        | Found a shadowy altar of Dithmenos.
    77 | D        | Found a white marble altar of Elyvilon.
    77 | D        | Found a blossoming altar of Fedhas.
    77 | D        | Found an opulent altar of Gozag.
    78 | D        | Found a hazy altar of Hepliaklqana.
    79 | D        | Found a viscous altar of Jiyva.
    80 | D        | Found an ancient bone altar of Kikubaaqudgha.
    81 | D        | Found a corrupted altar of Lugonu.
    82 | D        | Found a burning altar of Makhleb.
    83 | D        | Found a sparkling altar of Nemelex Xobeh.
    84 | D        | Found an iron altar of Okawaru.
    85 | D        | Became a worshipper of Gozag Ym Sagoz the Greedy
    86 | D        | Found a stormy altar of Qazlal.
    87 | D        | Found a sacrificial altar of Ru.
    88 | D        | Found a shimmering blue altar of Sif Muna.
    89 | D        | Found a bloodstained altar of Trog.
    90 | D        | Found a hide-covered altar of Uskayaw.
    91 | D        | Found a radiant altar of Vehumet.
    92 | D        | Found an ornate altar of the Wu Jian Council.
    93 | D        | Found a shimmering altar of Xom.
    94 | D        | Found a basalt altar of Yredelemnul.
    95 | D        | Found a glowing silver altar of Zin.
    96 | D        | Found a glowing golden altar of the Shining One.
   112 | D        | Got the +2 halberd of Currency {drain, Str+4 Int+4 SInv}
   113 | D        | Got the +3 war axe "Jodwut" {antimagic, rN+++ Str+6 Stlth-}
   167 | D        | Noticed a vampire mosquito
   167 | D        | Noticed an orc warrior
   167 | D        | Noticed a steam dragon
   167 | D        | Noticed a gargoyle
   167 | D        | Noticed a kobold brigand
   167 | D        | Noticed a troll
   171 | D        | Killed a troll
   172 | D        | Reached XP level 5. HP: 36/53 MP: 4/4
   172 | D        | Reached XP level 6. HP: 42/61 MP: 5/5
   188 | D        | Killed a gargoyle
   189 | D        | Reached skill level 5 in Dodging
   189 | D        | Reached XP level 7. HP: 9/70 MP: 6/6
   192 | D        | Killed a steam dragon
   196 | D        | Killed a vampire mosquito
   197 | D        | Reached skill level 10 in Fighting
   197 | D        | Reached skill level 10 in Armour
   197 | D        | Reached skill level 10 in Shields
   197 | D        | Reached XP level 8. HP: 16/79 MP: 7/7
   388 | D        | Noticed a two-headed ogre
   388 | D        | Noticed a cyclops
   388 | D        | Noticed a brown ugly thing
   388 | D        | Noticed an entropy weaver
   388 | D        | Noticed a catoblepas
   388 | D        | Noticed a centaur warrior
   392 | D        | Killed a centaur warrior
   393 | D        | Reached skill level 10 in Polearms
   393 | D        | Reached skill level 5 in Evocations
   394 | D        | an entropy weaver changed into a fire crab
   394 | D        | Noticed a fire crab (shapeshifter)
   414 | D        | HP: 4/82 [catoblepas (8)]
   415 | D        | Slain by a catoblepas

Illustrated notes

Levels and vault maps discovered:
D:        linesprint [early_d, line_temple, items_1, d_10, items_2, lair_1,
          lair_end, items_3, orc_1, orc_end, items_4, d_15, swamp_1, shoals_1,
          snake_1, spider_1, d_20, vaults_1, items_5, swamp_end, shoals_end,
          snake_end, spider_end, vaults_end, d_27, items_6, zot_1, zot_end,
          crypt_end, forest_end, elf_end, slime_end, tomb_end, abyss_end,
          pan_hell_end]

Skill      XL: |  1  2  3  4  5  6  7  8 |
---------------+-------------------------+-----
Fighting       | 4 5 7 9 10 11 | 11.0
Armour         | 4 5 7 9 10 11 | 11.0
Shields        | 4 5 7 9 10 11 | 11.0
Polearms       | 3 4 7 9 10 | 10.6
Dodging        | 1 2 4 5 6 |  6.5
Evocations     | 1 2 3 4 5 |  5.4

Action                     |  1- 3 |  4- 6 |  7- 9 || total
---------------------------+-------+-------+-------++-------
  Melee: Trident           |    27 |    13 |       ||    40
         Headbutt          |     4 |     3 |     1 ||     8
         Halberd           |       |    17 |    13 ||    30
    Use: Potion            |       |     4 |     1 ||     5
 Armour: Scale mail        |     6 |     8 |       ||    14
         Chain mail        |       |     4 |     2 ||     6
         Plate armour      |       |       |    15 ||    15
  Dodge: Dodged            |     8 |    12 |     6 ||    26
  Block: Buckler           |     6 |     2 |       ||     8
